 Dungeon Crawl Stone Soup version 0.30.1-11-g7821555f0a (webtiles) character file.

Game seed: 1095745634470621597

13808 Kallu the Fighter (level 12, -4/94 HPs)
             Began as a Djinni Fire Elementalist on Dec 20, 2023.
             Was a Priest of Makhleb.
             Slain by a meliai
             ... wielding a +0 war axe
              (5 damage)
             ... on level 11 of the Dungeon on Dec 22, 2023.
             The game lasted 00:46:20 (14719 turns).

Kallu the Fighter (Djinni Fire Elementalist)       Turns: 14719, Time: 00:46:20

Health: -4/94      AC:  7    Str:  7    XL:     12   Next: 37%
Gold:   683        EV: 16    Int: 22    God:    Makhleb [***...] SH:  0 Dex: 20

rFire   + + +        a - +2 quarterstaff "Plog" {heavy, rF+ Dex+3 Stlth+}
rCold   x . .        (shield currently unavailable)
rNeg    + . .        z - +0 steam dragon scales
rPois   ∞            (no helmet)
rElec   .            P - +0 cloak
rCorr   +            C - +0 pair of fencer's gloves {Riposte Dex+3}
SInv    .            (boots unavailable)
Will    +....        (no amulet)
Stlth   ++++         u - ring of resist corrosion
HPRegen 0.35/turn    m - ring of positive energy
MPRegen 0.00/turn

%: infuse magic (-5 HP)
@: flying
A: sickness immunity, fire resistance 2, cold vulnerability 1, float, innate
caster, HP casting, extra vitality 1
a: Renounce Religion, Minor Destruction, Lesser Servant of Makhleb


You were on level 11 of the Dungeon.
You worshipped Makhleb.
Makhleb was most pleased with you.
You visited 2 branches of the dungeon, and saw 12 of its levels.
You visited the Abyss 1 time.
You also visited: Sewer.

You collected 758 gold pieces.
You spent 75 gold pieces at shops.

Inventory:

Hand Weapons
 a - the +2 quarterstaff "Plog" (weapon) {heavy, rF+ Dex+3 Stlth+}
   (You found it in a sewer)

   Dex:       It affects your dexterity (+3).
   rF:        It protects you from fire.
   Stlth:     It makes you more stealthy.
 G - a +0 scimitar of flaming
Missiles
 n - 2 javelins
 B - 3 datura-tipped darts
 J - a throwing net
 N - 6 curare-tipped darts
 O - 74 poisoned darts
Armour
 z - +0 steam dragon scales (worn)
 C - the +0 pair of fencer's gloves (worn) {Riposte Dex+3}
   (You found it on level 5 of the Dungeon)

   Riposte:   It allows the wearer to riposte with melee weapons, swiftly
   retaliating against missed or blocked melee attacks.
   Dex:       It affects your dexterity (+3).
 P - a +0 cloak (worn)
Magical Staves
 M - a staff of cold
Jewellery
 m - a ring of positive energy (right hand)
 u - a ring of resist corrosion (left hand)
 y - a ring of protection from fire
 R - an amulet of reflection
Wands
 i - a wand of roots (15)
 v - a wand of light (15)
 K - a wand of charming (5)
 T - a wand of digging (2)
Scrolls
 b - a scroll of magic mapping
 c - 2 scrolls of teleportation {unknown}
 f - 4 scrolls of enchant weapon
 h - a scroll of blinking {unknown}
 o - a scroll of butterflies
 p - a scroll of brand weapon {unknown}
 r - a scroll of amnesia {unknown}
 s - 2 scrolls of fear {unknown}
 w - 2 scrolls of fog
 F - a scroll of silence
 I - a scroll of noise {unknown}
 L - a scroll of acquirement {unknown}
 Q - a scroll of enchant armour
 S - a scroll of identify
Potions
 d - a potion of ambrosia
 e - 6 potions of curing
 g - 4 potions of attraction
 j - 2 potions of mutation
 k - a potion of cancellation
 l - 2 potions of haste
 q - 2 potions of berserk rage
 t - 2 potions of degeneration {unknown}
 x - 4 potions of heal wounds
 A - 3 potions of lignification
 D - 2 potions of might
 E - 3 potions of brilliance
 H - a potion of invisibility


   Skills:
 + Level 11.4 Fighting
 - Level 7.0 Dodging
 - Level 3.0 Stealth
 + Level 11.0 Spellcasting
 - Level 2.0 Evocations


You knew the following spells:

 Your Spells              Type           Power      Damage    Failure   Level
a - Foxfire               Conj/Fire      100%       2x1d9     1%          1
b - Scorch                Fire           100%       2d9       1%          2
c - Volatile Blastmotes   Fire/Tloc      100%       2d18      1%          3
d - Inner Flame           Hex/Fire       57%        N/A       1%          3
e - Flame Wave            Conj/Fire      57%        2d14      1%          4
f - Slow                  Hex            100%       N/A       1%          1
g - Momentum Strike       Conj/Tloc      100%       3d10      1%          2
h - Stone Arrow           Conj/Erth      100%       3d13      1%          3
i - Swiftness             Air            57%        N/A       1%          3
j - Metabolic Englaciati  Hex/Ice        28%        N/A       1%          5
Your spell library was empty.

Dungeon Overview and Level Annotations

Branches:
Dungeon (11/15)            Temple (1/1) D:6             Orc (0/2) D:10
  Sewer (visited)
   Lair: D:8-11

Altars:
Ashenzari
Cheibriados
Dithmenos
Elyvilon
Fedhas
Gozag
Hepliaklqana
Makhleb
Nemelex Xobeh
Okawaru
Qazlal
Ru
Trog
Uskayaw
Wu Jian
Xom
Yredelemnul
Zin
The Shining One

Shops:
D:5 !   D:11 :


Innate Abilities, Weirdness & Mutations

You are immune to sickness and miasma.
You are immune to poison.
Your flesh is very heat resistant. (rF++)
You are vulnerable to cold. (rC-)
You float through the air rather than walking.
You learn spells naturally, not from books.
Your magical power is your life essence.
You have superior vitality. (+4 MHP)


Message History

The meliai is filled with an inner flame.
Unknown command.
You closely miss the meliai.
The meliai is moderately wounded.
The meliai calls upon its god to heal the meliai.
The meliai's wounds heal themselves!
The meliai hits you with a +0 hand axe! The meliai stings you.
The meliai hits you with a +0 hand axe. The meliai stings you!
The meliai hits you with a +0 hand axe. The meliai stings you.
The meliai misses you. The meliai stings you!
The meliai mumbles some strange prayers to its god against you.
Something smites you!
The meliai mumbles some strange prayers to its god against you.
Something smites you!
* * * LOW HITPOINT WARNING * * *
Unknown command.
Casting: Inner Flame (safe; 1% risk of failure)
Confirm with . or Enter, or press ? or * to list all spells.
Casting: Flame Wave (mildly dangerous; 1% risk of failure)
Press: ? - help, Dir - look around, f - activate A wave of flame ripples out!
The flame wave engulfs the meliai.
The meliai is moderately wounded.
The flame wave engulfs the meliai!
The meliai is heavily wounded.
The flame wave engulfs the meliai!!
Flame seeps out of the meliai.
The meliai is almost dead. (Press . to intensify the flame waves.)
* * * LOW HITPOINT WARNING * * *
The meliai misses you.
You riposte.
You sock the meliai!
The meliai is almost dead.
The meliai stings you.
* * * LOW HITPOINT WARNING * * *
The meliai completely misses you. The meliai stings you.
* * * LOW HITPOINT WARNING * * *
The meliai is engulfed in blazing flames.
Flame seeps out of the meliai.
The meliai calls upon its god to heal the meliai.
The meliai is healed somewhat.
The meliai hits you with a +0 war axe.
* * * LOW HITPOINT WARNING * * *
The meliai stings you.
You die...

.# .# #####.##
#......# #).....#
#......# .. #
#......#...# +
#..y@....# #
#..yy..### ##.#####
#..# ###'######
#######+# #
#..y)....####........
#.
#........'.####.#####
###.######
#........#.##...#.#†.
.........#
#..y.....#..'.###.#.#


You could see 3 meliai.

Vanquished Creatures
  Erica (D:8)
  4 two-headed ogres
  Joseph (D:8)
  Maggie (D:8)
  Psyche (D:7)
  A kobold demonologist (D:10)
  A hornet (D:8)
  A hellwing (Abyss:1)
  Prince Ribbit (D:8)
  Sigmund (D:5)
  19 yaks
  2 wyverns
  4 steam dragons
  Eustachio (D:6)
  2 water moccasins
  6 orc warriors
  2 ice beasts
  2 sky beasts (D:7)
  3 centaurs
  2 phantoms
  20 kobold brigands
  2 gnoll sergeants (D:9)
  4 bullfrogs
  A wyvern zombie (D:5)
  3 scorpions
  4 wights (D:10)
  10 killer bees
  An electric eel (D:8)
  A hound (D:5)
  6 orc priests
  5 jellies
  2 sleepcaps
  6 iguanas
  8 orc wizards
  A howler monkey zombie (D:5)
  17 gnolls
  7 adders
  3 river rats (Sewer)
  4 shadow imps
  3 white imps
  An ufetubus (D:7)
  3 worms
  A dart slug (D:3)
  40 orcs
  7 ball pythons
  2 bats (D:1)
  3 endoplasms
  A giant cockroach (D:1)
  7 goblins
  5 hobgoblins
  3 jackals (D:3)
  4 quokkas
  7 frilled lizards
  9 kobolds
  7 rats
264 creatures vanquished.

Vanquished Creatures (collateral kills)
  A foxfire (D:3)
1 creature vanquished.

Vanquished Creatures (others)
  An orc wizard (D:8)
  445 foxfires
446 creatures vanquished.

Grand Total: 711 creatures vanquished

Notes
Turn   | Place    | Note
-------+----------+-------------------------------------------
     0 | D:1      | Kallu the Djinni Fire Elementalist began the quest for the
                  | Orb.
     0 | D:1      | Kallu set off with the following spells memorised: Foxfire,
                  | Scorch, Volatile Blastmotes, Inner Flame, Flame Wave.
     0 | D:1      | Reached XP level 1. HP: 15/15 MP: 0/0
   377 | D:1      | Reached XP level 2. HP: 20/21 MP: 0/0
   700 | D:1      | Reached XP level 3. HP: 22/25 MP: 0/0
   700 | D:1      | Learned a level 1 spell: Slow
  1698 | D:2      | Reached XP level 4. HP: 27/31 MP: 0/0
  1886 | D:3      | Found an ornate altar of the Wu Jian Council.
  2077 | D:3      | Noticed a scorpion
  2078 | D:3      | Reached skill level 1 in Fighting
  2087 | D:3      | Killed a scorpion
  2088 | D:3      | Reached XP level 5. HP: 17/38 MP: 0/0
  2088 | D:3      | Learned a level 2 spell: Momentum Strike
  2206 | D:3      | Found a glowing drain.
  2229 | Sewer    | Entered a sewer
  2348 | Sewer    | Identified the +2 quarterstaff "Plog" {heavy, rF+ Dex+3
                  | Stlth+}
  2539 | Sewer    | Reached XP level 6. HP: 41/45 MP: 0/0
  3070 | D:3      | Found a faded altar of an unknown god.
  3677 | D:4      | You are sucked into a shaft and drop 2 floors!
  3686 | D:6      | Noticed an ice beast
  3723 | D:6      | Noticed an orc warrior
  3730 | D:7      | Noticed a yak
  3730 | D:7      | Noticed a yak
  3730 | D:7      | Noticed a yak
  3731 | D:7      | Noticed a yak
  3735 | D:7      | HP: 1/46 [ufetubus (5)]
  3758 | D:7      | Noticed a sky beast
  3768 | D:7      | HP: 2/46 [sky beast (6)]
  3807 | D:7      | Noticed a yak
  3843 | D:7      | Killed a sky beast
  3905 | D:6      | Killed an ice beast
  3906 | D:6      | Reached XP level 7. HP: 29/52 MP: 0/0
  3906 | D:6      | Learned a level 3 spell: Stone Arrow
  4033 | D:5      | Entered Level 5 of the Dungeon
  4033 | D:5      | Found Kaxzant's Distillery.
  4044 | D:5      | Reached skill level 5 in Spellcasting
  4418 | D:4      | Found a glowing silver altar of Zin.
  5270 | D:5      | Bought a potion of heal wounds for 75 gold pieces
  5690 | D:5      | Reached skill level 5 in Fighting
  5713 | D:5      | Reached XP level 8. HP: 39/59 MP: 0/0
  5960 | D:5      | Noticed a yak
  5968 | D:5      | Noticed a yak
  5983 | D:5      | Killed a yak
  6058 | D:5      | Noticed a yak
  6059 | D:5      | Noticed a yak
  6059 | D:5      | Noticed a yak
  6061 | D:5      | Noticed a yak
  6082 | D:5      | Killed a yak
  6117 | D:5      | Killed a yak
  6387 | D:5      | Reached XP level 9. HP: 30/66 MP: 0/0
  6387 | D:5      | Learned a level 3 spell: Swiftness
  6556 | D:5      | Found a basalt altar of Yredelemnul.
  6778 | D:5      | Noticed Sigmund
  6788 | D:5      | Killed Sigmund
  6839 | D:5      | Found the +0 pair of fencer's gloves {Riposte Dex+3}
  6902 | D:6      | Noticed Eustachio
  6993 | D:6      | Killed Eustachio
  7814 | D:6      | Found a staircase to the Ecumenical Temple.
  8090 | Temple   | Entered the Ecumenical Temple
  8327 | Temple   | Became a worshipper of Makhleb the Destroyer
  8763 | D:7      | Reached XP level 10. HP: 62/75 MP: 0/0
  9713 | D:7      | Found a white marble altar of Elyvilon.
  9721 | D:7      | Found a sparkling altar of Nemelex Xobeh.
  9721 | D:7      | Found a broken altar of Ashenzari.
  9743 | D:7      | Found a bloodstained altar of Trog.
  9812 | D:7      | Identified the +0 leather armour of Free Expression {rC-
                  | Int+3 Slay+2}
 10099 | D:8      | Noticed Psyche
 10128 | Abyss:1  | Cast into level 1 of the Abyss (Psyche)
 10224 | Abyss:1  | Noticed a wretched star
 10280 | D:8      | Escaped the Abyss
 10294 | D:7      | Killed Psyche
 10411 | D:8      | Noticed Joseph
 10554 | D:8      | Killed Joseph
 10555 | D:8      | Reached skill level 1 in Evocations
 10890 | D:8      | Noticed a two-headed ogre
 10905 | D:8      | Killed a two-headed ogre
 10906 | D:8      | Reached XP level 11. HP: 75/84 MP: 0/0
 10906 | D:8      | Learned a level 5 spell: Metabolic Englaciation
 10913 | D:8      | Noticed Maggie
 10924 | D:8      | Killed Maggie
 10924 | D:8      | Reached * piety under Makhleb
 11176 | D:8      | Noticed Erica
 11182 | D:8      | Killed Erica
 11183 | D:8      | Reached skill level 10 in Spellcasting
 11454 | D:8      | Identified the +0 leather armour of Plasticity {Harm rCorr
                  | Int+2 Dex-4}
 11526 | D:8      | Noticed a two-headed ogre
 11537 | D:8      | Killed a two-headed ogre
 11538 | D:8      | Reached skill level 10 in Fighting
 11567 | D:8      | Noticed Prince Ribbit
 11584 | D:8      | Killed Prince Ribbit
 11775 | D:9      | Found a sacrificial altar of Ru.
 12078 | D:9      | Noticed a two-headed ogre
 12107 | D:9      | Killed a two-headed ogre
 12108 | D:9      | Reached skill level 5 in Dodging
 12365 | D:9      | Found a hide-covered altar of Uskayaw.
 12603 | D:10     | Entered Level 10 of the Dungeon
 12634 | D:10     | Reached ** piety under Makhleb
 13072 | D:10     | Reached XP level 12. HP: 77/93 MP: 0/0
 13393 | D:10     | Found a staircase to the Orcish Mines.
 13421 | D:10     | Reached *** piety under Makhleb
 14272 | D:11     | Found Mytathiva's Book Shop.
 14505 | D:11     | Noticed a two-headed ogre
 14521 | D:11     | Killed a two-headed ogre
 14719 | D:11     | HP: 3/94 [meliai/+0 war axe (4)]
 14719 | D:11     | HP: 1/94 [meliai/+0 war axe (2)]
 14719 | D:11     | Slain by a meliai

Illustrated notes

Levels and vault maps discovered:
D:1:      dpeg_arrival_tiny_j, layout_loops_corners
D:2:      layout_loops_ring
D:3:      layout_basic, mainiacjoe_overflow_brackets,
          cheibrodos_sewer_entry_bend, dreamdust_ecumenical_altar_statues,
          kennysheep_pointless_box, solitary_fountain
D:4:      layout_layer_cave, mainiacjoe_overflow_six_doors_small
D:5:      layout_basic, lemuel_zombie_altar_yredelemnul, nicolae_stop_n_shop_2,
          minmay_fractal_squares_diagonal_5, uniq_sigmund
D:6:      layout_basic, temple_hall, uniq_eustachio
D:7:      layout_loops_corners, mainiacjoe_overflow_alcove_2,
          nicolae_overflow_hallway_of_the_gods
D:8:      layout_loops_ring, lightli_minifort, uniq_erica, uniq_joseph,
          uniq_maggie, uniq_psyche, uniq_prince_ribbit1
D:9:      layout_rooms, old_standard_altar, nicolae_ru_sacrificial_ziggurat
D:10:     layout_roguey [special_room_kobold], david_orc_2
D:11:     layout_roguey, erik_lair_orcish_takeover, serial_shops, shop
Temple:   grunt_temple_mini_profane

Skill      XL: |  1  2  3  4  5  6  7  8  9 10 11 12 |
---------------+-------------------------------------+-----
Spellcasting   | 3 4 5 6 8 9 10 11 | 11.0
Fighting       | 2 4 5 6 7 9 10 11 | 11.4
Dodging        | 3 6 7 |  7.0
Evocations     | 2 |  2.0
Stealth        | 3 |  3.0

Action                     |  1- 3 |  4- 6 |  7- 9 | 10-12 || total
---------------------------+-------+-------+-------+-------++-------
  Melee: Hand axe          |    17 |       |       |       ||    17
         Quarterstaff      |       |    23 |    19 |    70 ||   112
   Cast: Foxfire           |    64 |    75 |    90 |    72 ||   301
         Momentum Strike   |       |     1 |     1 |     2 ||     4
         Volatile Blastmot |       |     6 |    55 |    51 ||   112
         Scorch            |       |     2 |     2 |    32 ||    36
         Inner Flame       |       |     1 |     1 |    29 ||    31
         Slow              |       |     1 |     1 |     2 ||     4
         Stone Arrow       |       |       |     3 |    57 ||    60
         Swiftness         |       |       |       |     3 ||     3
         Flame Wave        |       |       |       |     7 ||     7
         Metabolic Englaci |       |       |       |     1 ||     1
  Evoke: Wand              |       |       |       |     6 ||     6
    Use: Potion            |     1 |     1 |       |       ||     2
         Scroll            |       |     3 |       |    13 ||    16
   Stab: Sleeping          |       |     3 |     1 |       ||     4
 Armour: Robe              |     4 |     5 |     7 |     6 ||    22
         Skin              |       |       |       |     1 ||     1
         Steam dragon scal |       |       |       |    20 ||    20
  Dodge: Dodged            |    15 |    47 |    24 |   107 ||   193
Riposte: Quarterstaff      |       |       |     4 |    22 ||    26
